Workbook
Name ExcesoReal: PeríodoReal*([1]proyecto!$E1>0)
Name OLE_LINK1: 'Impacto de Riesgo'!$I$12
Name período_seleccionado: [1]proyecto!$N$3
Name PeríodoEnPlan: [1]proyecto!A$8=MEDIAN([1]proyecto!A$8,[1]proyecto!$C1,[1]proyecto!$C1+[1]proyecto!$D1-1)
Name PeríodoReal: [1]proyecto!A$8=MEDIAN([1]proyecto!A$8,[1]proyecto!$E1,[1]proyecto!$E1+[1]proyecto!$F1-1)
Name Plan: PeríodoEnPlan*([1]proyecto!$C1>0)
Name PorcentajeCompletado: ExcesoPorcentajeCompletado*PeríodoEnPlan
Name Real: (PeríodoReal*([1]proyecto!$E1>0))*PeríodoEnPlan

Sheet Matriz de Riesgos
B2: MATRIZ DE RIESGOS PROGRAMA DE SEGUROS - DEAM
B3: Situación de Riesgo N° | C3: Clase | D3: Fuente | E3: Etapa | F3: Tipo | G3: Descripción( Que puede pasar y cómo puede ocurrir) | H3: Consecuencia de la ocurrencia del evento | I3: Probabilidad | J3: Impacto | K3: Valoración del Riesgo Inherente | L3: Categoría | M3: ¿A quien se le asigna? | N3: Tratamiento /Controles a ser Implementados | O3: Impacto después del tratamiento | T3: Persona responsable por implementar el tratamiento | U3: Fecha estimada en que se inicia el tratamiento | V3: Fecha estimada en que se completa el tratamiento | W3: Monitoreo y Revisión
O4: Probabilidad | P4: Impacto | Q4: Valoración del Riesgo Residual | R4: Categoría | S4: ¿Afecta la ejecución del contrato? | W4: ¿Cómo se realiza el monitoreo? | X4: Periodicidad ¿ Cuando?
B5: SR1 | C5: General | D5: Interno | E5: Planeación | F5: Riesgos operacionales | G5: Deficiente estructuración del proceso de contratación, que no permita satisfacer adecuadamente la necesidad de aseguramiento de la Entidad. | H5: Afectación en la adecuada contratación del programa de seguros o necesidad de ajustar los documentos del proceso. | I5: 2 | J5: 2 | K5: =I5+J5 -> 4 | L5: =IF(K5<=4,"Riesgo Bajo",IF(K5=5,"Riesgo Medio",IF(K5<=7,"Riesgo Alto",IF(K5>=8,"Riesgo Extremo")))) -> Riesgo Bajo | M5: Entidad e INT DE SEGUROS | N5: Evaluar los objetivos y metas, con el fin de tener clara la necesidad de contratación la cual debe ser acorde con los requisitos, requerimientos y especificaciones del contrato en temas jurídicos, financieros y técnicos | O5: 1 | P5: 2 | Q5: =O5*P5 -> 2 | R5: =IF(Q5<=4,"Riesgo Bajo",IF(Q5=5,"Riesgo Medio",IF(Q5<=7,"Riesgo Alto",IF(Q5>=8,"Riesgo Extremo")))) -> Riesgo Bajo | S5: no | T5: Entidad | U5: En la etapa de planeación | V5: Antes de la publicación del proceso | W5: Garantizar que los controles son eficaces y eficientes en el diseño y en la operación | X5: Durante la etapa de planeación
B6: SR2 | C6: General | D6: Interno | E6: Planeación | F6: Riesgos Regulatorios | G6: Definición de requisitos habilitantes o ponderables que no sean proporcionales ni acordes con el mercado asegurador. | H6: Observaciones al proceso, limitación de la pluralidad de oferentes o necesidad de modificar los documentos. | I6: 3 | J6: 2 | K6: =I6+J6 -> 5 | L6: =IF(K6<=4,"Riesgo Bajo",IF(K6=5,"Riesgo Medio",IF(K6<=7,"Riesgo Alto",IF(K6>=8,"Riesgo Extremo")))) -> Riesgo Medio | M6: Entidad e INT DE SEGUROS | N6: Realizar un buen análisis del sector, con el fin de conocer las condiciones de las empresas que tengan una real capacidad de participar, permitiendo que la estructura del proceso se enmarque en las características de éstas. | O6: 1 | P6: 1 | Q6: =O6*P6 -> 1 | R6: =IF(Q6<=4,"Riesgo Bajo",IF(Q6=5,"Riesgo Medio",IF(Q6<=7,"Riesgo Alto",IF(Q6>=8,"Riesgo Extremo")))) -> Riesgo Bajo | S6: no | T6: Entidad | U6: En la etapa de planeación | V6: En la etapa de Selección | W6: Supervisando los estudios previos y los estudios del sector | X6: Durante la etapa de planeación
B7: SR3 | C7: General | D7: Interno | E7: Planeación | F7: Riegos económicos | G7: Definición de un presupuesto oficial que no corresponda a las condiciones reales del mercado asegurador. | H7: Riesgo de recibir ofertas por encima del presupuesto, ausencia de propuestas o necesidad de ajustar el proceso. | I7: 1 | J7: 4 | K7: =I7+J7 -> 5 | L7: =IF(K7<=4,"Riesgo Bajo",IF(K7=5,"Riesgo Medio",IF(K7<=7,"Riesgo Alto",IF(K7>=8,"Riesgo Extremo")))) -> Riesgo Medio | M7: Entidad e INT DE SEGUROS | N7: A través del estudio de mercado se garantiza que la información utilizada para establecer el precio del contrato, estará actualizada reflejando los cambios recientes en las condiciones del mercado. | O7: 1 | P7: 3 | Q7: =O7*P7 -> 3 | R7: =IF(Q7<=4,"Riesgo Bajo",IF(Q7=5,"Riesgo Medio",IF(Q7<=7,"Riesgo Alto",IF(Q7>=8,"Riesgo Extremo")))) -> Riesgo Bajo | S7: si | T7: Entidad | U7: En la etapa de planeación | V7: En la etapa de Selección | W7: Supervisando los estudios de mercado y los estudios del sector | X7: Durante la etapa de planeación
B8: SR4 | C8: General | D8: Interno | E8: Planeación | F8: Riesgos Regulatorios | G8: El Proceso de Contratación no cuenta con las condiciones que garanticen la transparencia, equidad y competencia entre los proponentes. | H8: Observaciones, reclamaciones, adendas o cuestionamientos frente a la objetividad y transparencia del proceso. | I8: 1 | J8: 4 | K8: =I8+J8 -> 5 | L8: =IF(K8<=4,"Riesgo Bajo",IF(K8=5,"Riesgo Medio",IF(K8<=7,"Riesgo Alto",IF(K8>=8,"Riesgo Extremo")))) -> Riesgo Medio | M8: Entidad | N8: Los criterios habilitantes y de evaluación deben ser claros, objetivos y comunicados de manera transparente a todos los proponentes. Se debe permitir que las empresas interesadas realicen observaciones, las cuales deben ser analizadas en detalle. | O8: 1 | P8: 2 | Q8: =O8*P8 -> 2 | R8: =IF(Q8<=4,"Riesgo Bajo",IF(Q8=5,"Riesgo Medio",IF(Q8<=7,"Riesgo Alto",IF(Q8>=8,"Riesgo Extremo")))) -> Riesgo Bajo | S8: no | T8: Entidad | U8: En la etapa de planeación | V8: En la etapa de Selección | W8: Realizar revisiones periódicas del proceso de contratación y estar dispuesto a realizar mejoras continuas en función de la retroalimentación y la experiencia acumulada | X8: Durante la etapa de planeación
B9: SR5 | C9: General | D9: Interno | E9: Planeación | F9: Riesgos económicos | G9: Información técnica, valores asegurados, inventarios o condiciones de riesgo incompletas o desactualizadas para la estructuración del programa de seguros. | H9: Estudio de mercado impreciso, condiciones técnicas inadecuadas o diferencias entre la necesidad real y el programa contratado. | I9: 1 | J9: 4 | K9: =I9+J9 -> 5 | L9: =IF(K9<=4,"Riesgo Bajo",IF(K9=5,"Riesgo Medio",IF(K9<=7,"Riesgo Alto",IF(K9>=8,"Riesgo Extremo")))) -> Riesgo Medio | M9: Entidad e INT DE SEGUROS | N9: Verificar inventarios, valores asegurados, vigencias, siniestralidad, condiciones actuales y necesidades de cobertura antes de publicar el proceso. | O9: 1 | P9: 3 | Q9: =O9*P9 -> 3 | R9: =IF(Q9<=4,"Riesgo Bajo",IF(Q9=5,"Riesgo Medio",IF(Q9<=7,"Riesgo Alto",IF(Q9>=8,"Riesgo Extremo")))) -> Riesgo Bajo | S9: no | T9: Entidad | U9: En la etapa de planeación | V9: En la etapa de Selección | W9: Realizar revisiones periódicas del proceso de contratación y estar dispuesto a realizar mejoras continuas en función de la retroalimentación y la experiencia acumulada | X9: Durante la etapa de planeación
B10: SR6 | C10: General | D10: Interno | E10: Selección | F10: Riesgos operacionales | G10: Condiciones poco atractivas, falta de publicidad, requisitos excesivos o restrictivos o falta de claridad en el proceso que se vean reflejados en no tener proponentes en el proceso. | H10: Declaratoria de desierto el proceso | I10: 2 | J10: 3 | K10: =I10+J10 -> 5 | L10: =IF(K10<=4,"Riesgo Bajo",IF(K10=5,"Riesgo Medio",IF(K10<=7,"Riesgo Alto",IF(K10>=8,"Riesgo Extremo")))) -> Riesgo Medio | M10: Entidad | N10: Realizar un análisis detallado de los factores que podrían afectar la participación de los oferentes, garantizar condiciones justas y transparentes, y promover la publicidad efectiva del proceso de contratación. Además, recopilar retroalimentación de los participantes y ajustar los procesos en consecuencia. | O10: 1 | P10: 2 | Q10: =O10*P10 -> 2 | R10: =IF(Q10<=4,"Riesgo Bajo",IF(Q10=5,"Riesgo Medio",IF(Q10<=7,"Riesgo Alto",IF(Q10>=8,"Riesgo Extremo")))) -> Riesgo Bajo | S10: si | T10: Entidad | U10: En la etapa de selección | V10: En la etapa de contratación | W10: Verificación del estudio del sector y supervisión en el tratamiento del riesgo | X10: Durante la etapa de selección
B11: SR7 | C11: Especifico | D11: Externo | E11: Selección | F11: Riesgos económicos | G11: Ausencia de ofertas para uno o varios grupos o ramos del programa de seguros, debido a condiciones del mercado asegurador, políticas de suscripción, restricciones técnicas o falta de interés de las aseguradoras en determinados riesgos. | H11: Posible declaratoria desierta total o parcial del proceso, imposibilidad de contratar la totalidad del programa de seguros, necesidad de ajustar condiciones técnicas o adelantar un nuevo proceso para los grupos o ramos no adjudicados. | I11: 2 | J11: 4 | K11: =I11+J11 -> 6 | L11: =IF(K11<=4,"Riesgo Bajo",IF(K11=5,"Riesgo Medio",IF(K11<=7,"Riesgo Alto",IF(K11>=8,"Riesgo Extremo")))) -> Riesgo Alto | M11: Entidad | N11: Realizar estudio de mercado y análisis del sector actualizado; revisar condiciones de asegurabilidad, valores asegurados, siniestralidad, coberturas, deducibles y capacidad del mercado; estructurar condiciones técnicas proporcionales que permitan pluralidad de oferentes y participación efectiva de aseguradoras. | O11: 1 | P11: 3 | Q11: =O11*P11 -> 3 | R11: =IF(Q11<=4,"Riesgo Bajo",IF(Q11=5,"Riesgo Medio",IF(Q11<=7,"Riesgo Alto",IF(Q11>=8,"Riesgo Extremo")))) -> Riesgo Bajo | S11: si | T11: Entidad | U11: Desde la etapa de planeación y durante la selección | V11: Hasta la adjudicación o declaratoria desierta total o parcial del proceso | W11: Verificación de observaciones recibidas, manifestaciones de interés, cotizaciones, participación de aseguradoras y presentación de ofertas por grupo o ramo. | X11: Durante la etapa de planeación y selección
B12: SR8 | C12: General | D12: Externo | E12: Selección | F12: Riesgos Regulatorios | G12: Incumplimiento de los requisitos habilitantes por parte de los proponentes presentados al proceso. | H12: Rechazo de ofertas, disminución de la pluralidad o eventual declaratoria de desierto. | I12: 2 | J12: 3 | K12: =I12+J12 -> 5 | L12: =IF(K12<=4,"Riesgo Bajo",IF(K12=5,"Riesgo Medio",IF(K12<=7,"Riesgo Alto",IF(K12>=8,"Riesgo Extremo")))) -> Riesgo Medio | M12: Proponente / Entidad | N12: Estructuración de los pliegos garantizando que sean objetivos, claros, precisos, con el fin de garantizar que los interesados tengan reglas claras procurando no incurrir en interpretaciones o en errores. | O12: 1 | P12: 2 | Q12: =O12*P12 -> 2 | R12: =IF(Q12<=4,"Riesgo Bajo",IF(Q12=5,"Riesgo Medio",IF(Q12<=7,"Riesgo Alto",IF(Q12>=8,"Riesgo Extremo")))) -> Riesgo Bajo | S12: si | T12: Entidad | U12: En la etapa de selección | V12: En la etapa de contratación | W12: Verificación del estudio del sector y supervisión en el tratamiento del riesgo | X12: Durante la etapa de selección
B13: SR9 | C13: General | D13: Externo | E13: Selección | F13: Riegos económicos | G13: En el proceso de contratación se presente un único oferente | H13: Pérdida de competencia entre diferentes proveedores, lo cual limita la comparación de precios, calidad y condiciones que beneficien a la Entidad | I13: 2 | J13: 2 | K13: =I13+J13 -> 4 | L13: =IF(K13<=4,"Riesgo Bajo",IF(K13=5,"Riesgo Medio",IF(K13<=7,"Riesgo Alto",IF(K13>=8,"Riesgo Extremo")))) -> Riesgo Bajo | M13: Entidad | N13: Procurar que la estructura de los documenrtos del proceso se encuentre ajustada a la realidad, permitiendo la mayor participación de empresas que tengan una real capacidad de hacerlo. | O13: 1 | P13: 1 | Q13: =O13*P13 -> 1 | R13: =IF(Q13<=4,"Riesgo Bajo",IF(Q13=5,"Riesgo Medio",IF(Q13<=7,"Riesgo Alto",IF(Q13>=8,"Riesgo Extremo")))) -> Riesgo Bajo | S13: no | T13: Contratista y Entidad | U13: En la etapa de selección | V13: En la etapa de contratación | W13: Verificación del estudio del sector y supervisión en el tratamiento del riesgo | X13: Durante la etapa de selección
B14: SR10 | C14: General | D14: Externo | E14: Selección | F14: Riesgos Regulatorios | G14: Riesgo de colusión. | H14: Restricción de ofertas, impidiendo a otras empresas entrar al proceso | I14: 1 | J14: 4 | K14: =I14+J14 -> 5 | L14: =IF(K14<=4,"Riesgo Bajo",IF(K14=5,"Riesgo Medio",IF(K14<=7,"Riesgo Alto",IF(K14>=8,"Riesgo Extremo")))) -> Riesgo Medio | M14: proponentes | N14: Garantizar reglas claras de participación, publicidad del proceso, análisis de pluralidad, revisión de señales de coordinación entre oferentes y traslado a las autoridades competentes cuando haya lugar. | O14: 1 | P14: 3 | Q14: =O14*P14 -> 3 | R14: =IF(Q14<=4,"Riesgo Bajo",IF(Q14=5,"Riesgo Medio",IF(Q14<=7,"Riesgo Alto",IF(Q14>=8,"Riesgo Extremo")))) -> Riesgo Bajo | S14: no | T14: Entidad / Comité evaluador | U14: En la etapa de selección | V14: En la etapa de contratación | W14: Realiza auditorías y revisiones periódicas del proceso de contratación para identificar posibles irregularidades. | X14: Durante la etapa de selección
B15: SR11 | C15: General | D15: Externo | E15: Selección | F15: Riesgos económicos | G15: Presentación de ofertas con valores artificialmente bajos o que no reflejen la suficiencia técnica del riesgo asegurado. | H15: Dificultades en al ejecución del Contrato, aumento de costos del contrato | I15: 1 | J15: 3 | K15: =I15+J15 -> 4 | L15: =IF(K15<=4,"Riesgo Bajo",IF(K15=5,"Riesgo Medio",IF(K15<=7,"Riesgo Alto",IF(K15>=8,"Riesgo Extremo")))) -> Riesgo Bajo | M15: proponentes | N15: Solicitar explicaciones al proponente, verificar la razonabilidad de la prima ofertada frente al estudio del sector, condiciones técnicas, deducibles, exclusiones y cobertura ofrecida. | O15: 1 | P15: 2 | Q15: =O15*P15 -> 2 | R15: =IF(Q15<=4,"Riesgo Bajo",IF(Q15=5,"Riesgo Medio",IF(Q15<=7,"Riesgo Alto",IF(Q15>=8,"Riesgo Extremo")))) -> Riesgo Bajo | S15: no | T15: Entidad | U15: En la etapa de selección | V15: En la etapa de contratación | W15: Estudio del sector y de mercado de una forma real y actualizada | X15: Durante la etapa de selección
B16: SR12 | C16: General | D16: Externo | E16: Selección | F16: Riesgos Regulatorios | G16: Retiro de la oferta después de vencido el plazo fijado para la presentación de las propuestas. | H16: Genera demoras en el proceso de contratación, ya que la entidad contratante podría necesitar tiempo adicional para revisar y evaluar las ofertas restantes y, posiblemente, volver a abrir el proceso para recibir nuevas ofertas. | I16: 1 | J16: 3 | K16: =I16+J16 -> 4 | L16: =IF(K16<=4,"Riesgo Bajo",IF(K16=5,"Riesgo Medio",IF(K16<=7,"Riesgo Alto",IF(K16>=8,"Riesgo Extremo")))) -> Riesgo Bajo | M16: proponentes | N16: Requerir dentro del proceso una garantía de seriedad de la oferta o cualquier mecanismo de cobertura, con el fin que asuma las consecuencias de la materialización del Riesgo | O16: 1 | P16: 2 | Q16: =O16*P16 -> 2 | R16: =IF(Q16<=4,"Riesgo Bajo",IF(Q16=5,"Riesgo Medio",IF(Q16<=7,"Riesgo Alto",IF(Q16>=8,"Riesgo Extremo")))) -> Riesgo Bajo | S16: si | T16: Entidad / Comité evaluador | U16: En la etapa de selección | V16: En la etapa de contratación | W16: Hacer un monitoreo constante del proceso, con el fin de identificar la capacidad real de participación de los interesados. | X16: En la etapa de selección
... B32: SR28 | C32: Especifico | D32: Externo | E32: Postcontractual | F32: Legal | G32: El contratista no se presenta a suscribir o no llega a un mutuo acuerdo con el contratante, cuando se le requiere para suscribir el acta de liquidación del contrato, en los casos que sean necesarios. | H32: Detrimento patrimonial por rechazo en las reclamaciones adelantadas ante las aseguradoras | I32: 4 | J32: 4 | K32: =I32+J32 -> 8 | L32: =IF(K32<=4,"Riesgo Bajo",IF(K32=5,"Riesgo Medio",IF(K32<=7,"Riesgo Alto",IF(K32>=8,"Riesgo Extremo")))) -> Riesgo Extremo | M32: Contratista | N32: Citar dentro del plazo establecido en el contrato o en el pliego de condiciones al contratista para suscribir el acta de liquidación por mutuo acuerdo. | O32: 2 | P32: 2 | Q32: =O32*P32 -> 4 | R32: =IF(Q32<=4,"Riesgo Bajo",IF(Q32=5,"Riesgo Medio",IF(Q32<=7,"Riesgo Alto",IF(Q32>=8,"Riesgo Extremo")))) -> Riesgo Bajo | S32: si | T32: Contratista | U32: Cuendo de requiera | V32: Cuendo de requiera | W32: Se debe tramitar la liquidación, haciendo todo lo necesario para que el contratista la suscriba y de no ser viable, proceder con la liquidación unilateral del contrato.. | X32: La Entidad, deberá iniciar los trámites, tendientes a la liquidación del contrato, dentro del término pactado en el contrato.
C42: General | D42: Interno | E42: Planeación | G42: Riesgos económicos | H42: 1 | I42: 1 | J42: Riesgo extremo | M42: Contratista | N42: Evitar el riesgo | S42: si
C43: Especifico | D43: Externo | E43: Selección | G43: Riesgos Sociales o Políticos | H43: 2 | I43: 2 | J43: Riesgo alto | M43: Entidad | N43: Transferir el riesgo | S43: no
E44: Contratación | G44: Riesgos operacionales | H44: 3 | I44: 3 | J44: Riesgo medio | M44: Contratista y Entidad | N44: Aceptar el riesgo
E45: Ejecución | G45: Riesgos Financieros | H45: 4 | I45: 4 | J45: Riesgo Bajo | M45: Entidad e INT DE SEGUROS | N45: Reducir la probabilidad
E46: Postcontractual | G46: Riesgos Regulatorios | H46: 5 | I46: 5 | M46: Intermediario de Segruos | N46: Reducir las Consecuencias
G47: Riesgos de la Naturaleza | M47: Oficina de Contratos
G48: Riesgos Ambientales | K48: 1 | M48: Oficina Jurídica
G49: Riesgos Tecnológicos | K49: 2 | M49: Área Técnica
G50: Legal | K50: 3 | M50: Oficina de Recursos Financieros
K51: 4 | M51: Proponente / Entidad
K52: 5 | M52: Entidad / Comité evaluador
K53: 6 | M53: proponentes
K54: 7 | M54: Entidad / Área contractual / Supervisor.
K55: 8 | M55: Supervisor / Intermediario de seguros / Contratista.
K56: 9
K57: 10

Sheet Probabilidad del Riesgo 
D2: TABLA 2 PROBABILIDAD DEL RIESGO
D4: Categoria | E4: VALORACIÓN | G4: CARACTERÍSTICAS
C5: Probabilidad | D5: RARO (Puede ocurrir excepcionalmente) | E5: 1 | F5: ENTRE 0% Y 5% | G5: Practicamente imposible de que ocurra en el contrato. Ocurrió en al menos un contrato o proceso de características similares en los últimos 5 años o más.
D6: IMPROBABLE (Puede ocurrir ocasionalmente) | E6: 2 | F6: ENTRE 6% Y 15% | G6: Poco probable que ocurra en el contrato. Ocurrió en al menos un contrato o proceso de características similares en los últimos 4 años.
D7: POSIBLE (Puede Ocurrir en cualquier momento futuro) | E7: 3 | F7: ENTRE 16% Y 49% | G7: Es posible que ocurra en el contrato. Ha ocurrido en al menos un contrato o proceso de características similares en los últimos 3 años.
D8: PROBABLE (Probablemente va a ocurrir) | E8: 4 | F8: ENTRE 40% Y 75%. | G8: Muy posible que ocurra en el contrato. Ha ocurrido en al menos en un contrato o proceso de características similares en los últimos 2 años
D9: CASI CIERTO (Ocurre en la mayoría de circustancias) | E9: 5 | F9: MAYOR AL 75% | G9: Ocurrirá con alto nivel de certeza. Ha ocurrido en al menos un contrato o proceso de características similares en el último año.

Sheet Impacto de Riesgo
B6: TABLA 3 IMPACTO DEL RIESGO
B8: Impacto
B9: Calificación Cualitativa | D9: Obstruye la ejecución del contrato de manera intranscendente | E9: Dificulta la Ejecución del Contrato de manera baja, Aplicando medidas mínimas se puede lograr el objeto contractual | F9: Afecta la ejecución del contrato sin alterar el beneficio para las partes | G9: Obstruye la ejecución del contrato sustancialmente pero aun así permite la consecución del objeto contractual | H9: Perturba la ejecución del contrato de manera grave imposibilitando la consecución del objeto contractual
B10: Calificación Monetaria | D10: Los Sobrecostos no representan más del uno por ciento (1%) del valor del contrato | E10: Los sobrecostos no representan más del cinco por ciento (5%) del valor del contrato | F10: Genera un impacto sobre el valor del contrato entre el cinco porciento (5%) y el quince por ciento (15%) | G10: Incrementa el valor del contrato entre el quince (15%) y el treinta por ciento (30%) | H10: Impacto sobre le valor del contrato en más del treinta por ciento (30%)
B11: Categoría | C11: valoración | D11: Insignificante | E11: Menor | F11: Moderado | G11: Mayor | H11: Catastrófico
D12: 1 | E12: 2 | F12: 3 | G12: 4 | H12: 5
D15: VALORACION DEL RIESGO EN TERMINOS ECONOMICOS DE ACUERDO AL VALOR DEL CONTRATO
D17: Valor del contrato | E17: 3917899605
D19: =D11 -> Insignificante | E19: 0 | F19: 0.01 | G19: =+E19*$E$17 -> 0 | H19: =+F19*$E$17 -> 39178996
D20: =E11 -> Menor | E20: 0.01 | F20: 0.05 | G20: =+E20*$E$17 -> 39178996 | H20: =+F20*$E$17 -> 1.9589498e+08
D21: =F11 -> Moderado | E21: 0.05 | F21: 0.15 | G21: =+E21*$E$17 -> 1.9589498e+08 | H21: =+F21*$E$17 -> 5.8768494e+08
D22: =G11 -> Mayor | E22: 0.15 | F22: 0.3 | G22: =+E22*$E$17 -> 5.8768494e+08 | H22: =+F22*$E$17 -> 1.1753699e+09
D23: =H11 -> Catastrófico | E23: =30.00000001% -> 0.3 | F23: 1 | G23: =+E23*$E$17 -> 1.1753699e+09 | H23: =+F23*$E$17 -> 3917899605

Sheet Valoración del riesgo
B2: TABLA 4 VALORACION DEL RIESGO
B4: Impacto
B5: Calificación Cualitativa | D5: Obstruye la ejecución del contrato de manera intranscendente | E5: Dificulta la Ejecución del Contrato de manera baja, Aplicando medidas mínimas se puede lograr el objeto contractual | F5: Afecta la ejecución del contrato sin alterar el beneficio para las partes | G5: Obstruye la ejecución del contrato sustancialmente pero aun así permite la consecución del objeto contractual | H5: Perturba la ejecución del contrato de manera grave imposibilitando la consecución del objeto contractual
B6: Calificación Monetaria | D6: Los Sobrecostos no representan más del uno por ciento (1%) del valor del contrato | E6: Los sobrecostos no representan más del cinco por ciento (5%) del valor del contrato | F6: Genera un impacto sobre el valor del contrato entre el cinco porciento (5%) y el quince por ciento (15%) | G6: Incrementa el valor del contrato entre el quince (15%) y el treinta por ciento (30%) | H6: Impacto sobre le valor del contrato en más del treinta por ciento (30%)
B7: Categoría | C7: valoración | D7: ='Impacto de Riesgo'!D19 -> Insignificante | E7: ='Impacto de Riesgo'!D20 -> Menor | F7: ='Impacto de Riesgo'!D21 -> Moderado | G7: ='Impacto de Riesgo'!D22 -> Mayor | H7: ='Impacto de Riesgo'!D23 -> Catastrófico
D8: ='Impacto de Riesgo'!D12 -> 1 | E8: ='Impacto de Riesgo'!E12 -> 2 | F8: ='Impacto de Riesgo'!F12 -> 3 | G8: ='Impacto de Riesgo'!G12 -> 4 | H8: ='Impacto de Riesgo'!H12 -> 5
A9: Probabilidad | B9: ='Probabilidad del Riesgo '!D5 -> RARO (Puede ocurrir excepcionalmente) | C9: ='Probabilidad del Riesgo '!E5 -> 1 | E9: SR13 | F9: SR11,SR12,SR14,SR15,SR19,SR21,SR25,SR26,SR27 | G9: SR3,SR4,SR5,SR10,SR22,SR23
B10: ='Probabilidad del Riesgo '!D6 -> IMPROBABLE (Puede ocurrir ocasionalmente) | C10: ='Probabilidad del Riesgo '!E6 -> 2 | E10: SR1,SR9,SR17,SR18 | F10: SR6,SR8,SR20 | G10: SR7,SR24
B11: ='Probabilidad del Riesgo '!D7 -> POSIBLE (Puede Ocurrir en cualquier momento futuro) | C11: ='Probabilidad del Riesgo '!E7 -> 3 | E11: SR2
B12: ='Probabilidad del Riesgo '!D8 -> PROBABLE (Probablemente va a ocurrir) | C12: ='Probabilidad del Riesgo '!E8 -> 4 | G12: SR28
B13: ='Probabilidad del Riesgo '!D9 -> CASI CIERTO (Ocurre en la mayoría de circustancias) | C13: ='Probabilidad del Riesgo '!E9 -> 5 | H13: SR16
B19: VALORACIÓN DE LOS RIESGOS INHERENTE DEL PROCESO | C19: No DE RIESGOS DEL PROCESO | E19: VALORACIÓN DE LOS RIESGOS RESIDUALES DEL PROCESO | F19: No DE RIESGOS DEL PROCESO
B20: Riesgo Bajo | C20: 14 | E20: Riesgo Bajo | F20: 27
B21: Riesgo medio | C21: 10 | E21: Riesgo medio
B22: Riesgo alto | C22: 2 | E22: Riesgo alto
B23: Riesgo extremo | C23: 2 | E23: Riesgo extremo | F23: 1
B24: TOTAL RIESGOS | C24: =SUM(C20:C23) -> 28 | E24: TOTAL RIESGOS | F24: =SUM(F20:F23) -> 28

Sheet Categoria del Riesgo
C2: TABLA 5 CATEGORIA DEL RIESGO
C6: Valoración del Riesgo | D6: Categoria
C7: ENTRE 2 Y 4 | D7: Riesgo Bajo
C9: IGUAL A 5 | D9: Riesgo medio
C10: ENTRE 6 Y 7 | D10: Riesgo alto
C11: MAYOR A 8 | D11: Riesgo extremo

Sheet Tratamiento de los Riesgos 
B3: Tratamiento de los Riesgos | C3: Actividad
B4: Evitar el riesgo | C4: La entidad decide no proceder con la actividad que causa el riesgo o buscar alternativas para obtener el beneficio del proceso de contratación
B5: Transferir el riesgo | C5: La Entidad hace responsable a otra entidad quien asume las consecuencias de la materialización del riesgo, típicamente se transfiere el riesgo a través de las garantías previstas en el proceso de contratación o en las condiciones del contrato estableciendo con claridad quien es el responsable.
B6: Aceptar el Riesgo | C6: La Entidad acepta el riesgo porque el riesgo no puede ser evitado ni ser transferido o el costo de evitarlo o transferirlo es muy alto. En este caso se recomiendan medidas para reducir el riesgo o mitigar su impacto, así como el monitoreo
B7: Reducir la Probabilidad | C7: Reducir la probabilidad de ocurrencia del evento, cuando el riesgo debe ser aceptado, para el efecto se sugieren medidas como: (i) aclarar los requisitos, requerimientos y especificaciones y productos del contrato (II) revisar procesos; (III) establecer sistemas de aseguramiento de calidad, en los contratos; (IV) especificar estándares de los bienes y servicios; (V) hacer pruebas e inspecciones de los bienes; (VI) establecer sistemas de acreditación profesional; (VII) Incluir declaraciones y garantías del contratista; (VIII) administrar la relación entre proveedores y compradores
B8: Reducir las Consecuencias | C8: Reducir las consecuencias o el impacto del riesgo a través de planes de contingencia, en los términos y condiciones del contrato, inspecciones y revisiones para revisar el cumplimiento del contrato y programas de apremio para lograr el cumplimiento del contrato
